 Dungeon Crawl Stone Soup version 0.27-a0-660-g90476cec82 (webtiles) character file.

Game seed: 12469914344482760298

6055 toffzen the Basher (level 10, -8/123 (136) HPs)
             Began as a Green Draconian Berserker on Mar 15, 2021.
             Was an Elder of Trog.
             Mangled by an eidolon (24 damage)
             ... on level 1 of the Abyss on Mar 16, 2021.
             The game lasted 00:31:05 (12525 turns).

toffzen the Basher (Green Draconian Berserker)     Turns: 12525, Time: 00:31:06

HP:   -8/123 (136)  AC: 14    Str: 20 (22) XL:     10   Next: 57%
MP:   10/10         EV: 12    Int:  7      God:    Trog [****..]
Gold: 668           SH:  8    Dex: 12      Spells: 9/9 levels left

rFire    . . .     SeeInvis .   b - +2 morningstar (protect)
rCold    + . .     Faith    .   B - +0 kite shield
rNeg     . . .     Spirit   .   (armour unavailable)
rPois    +         Reflect  .   r - +0 hat
rElec    .         Harm     .   (no cloak)
rCorr    .         Rampage  .   (no gloves)
Will     .....                  (no boots)
Stlth    ..........             (no amulet)
HPRegen  0.30/turn              o - ring of protection from cold
MPRegen  0.12/turn              (no ring)

@: berserking (expiring), protection aura, slowed, drained
A: breathe noxious fumes, AC +7, unfitting armour, poison resistance,
cold-blooded
a: Breathe Noxious Fumes, Renounce Religion, Berserk, Trog's Hand, Brothers in
Arms


You were on level 1 of the Abyss.
You worshipped Trog.
Trog was greatly pleased with you.
You visited 1 branch of the dungeon, and saw 9 of its levels.
You visited the Abyss 1 time.

You collected 668 gold pieces.

Inventory:

Hand Weapons
 a - a +4 flail of draining
 b - a +2 morningstar of protection (weapon)
 t - a +0 morningstar
Missiles
 c - 144 arrows
 d - 214 stones
 j - 14 poisoned darts
 q - 53 sling bullets
Armour
 r - a +0 hat (worn)
 B - a +0 kite shield (worn)
Jewellery
 o - a ring of protection from cold (right hand)
 s - a ring of fire
Wands
 z - a wand of polymorph (7)
 A - a wand of digging (6)
Scrolls
 e - a scroll of noise
 f - a scroll of enchant armour
 h - a scroll of amnesia {unknown}
 i - 2 scrolls of enchant weapon
 l - 4 scrolls of immolation
 m - a scroll of teleportation
 n - a scroll of blinking {unknown}
 v - a scroll of summoning {unknown}
Potions
 g - 3 potions of haste
 k - 2 potions of flight {unknown}
 p - 4 potions of heal wounds {unknown}
 u - 2 potions of cancellation {unknown}
 w - a potion of ambrosia {unknown}
 x - 2 potions of lignification {unknown}
 y - 5 potions of curing
Miscellaneous
 C - a condenser vane


   Skills:
 + Level 9.4 Fighting
 * Level 11.6 Maces & Flails
 + Level 7.8 Dodging
 + Level 0.9 Shields


You had 9 spell levels left.
You didn't know any spells.
Your spell library was empty.

Dungeon Overview and Level Annotations

Branches:
Dungeon (9/15)             Temple (0/1) D:7
   Lair: D:8-11         Orc: D:9-12

Altars:
Dithmenos
Fedhas
Gozag
Kikubaaqudgha
Nemelex Xobeh
Ru
Uskayaw
Wu Jian
Xom
Yredelemnul
Zin
The Shining One

Shops:
D:4 *   D:6 (

Annotations:
D:9 Erolcha


Innate Abilities, Weirdness & Mutations

You can breathe blasts of noxious fumes.
Your lurid green scales are hard. (AC +7)
You cannot fit into any form of body armour.
Your system is resistant to poisons. (rPois)
You are cold-blooded and may be slowed by cold attacks.


Message History

The eidolon drains your vigour!
You feel yourself slow down. The eidolon barely misses you.
You hit the eidolon but do no damage.
The eidolon is lightly damaged.
You block the eidolon's attack. x2
You barely miss the eidolon.
The eidolon is lightly damaged.
You block the eidolon's attack. x2
You bludgeon the eidolon!!
The eidolon is moderately damaged.
You feel the effects of Trog's Hand fading.
The eidolon stares piercingly at you. The bolt of negative energy hits you!!
You feel drained.
* * * LOW HITPOINT WARNING * * *
You hit the eidolon.
The eidolon is moderately damaged.
The eidolon closely misses you. The eidolon hits you!
* * * LOW HITPOINT WARNING * * *
You feel weakened. The eidolon hits you!
* * * LOW HITPOINT WARNING * * *
The eidolon hits you but does no damage.
You hit the eidolon.
The eidolon is moderately damaged.
The eidolon closely misses you. The eidolon hits you.
* * * LOW HITPOINT WARNING * * *
You feel weakened.
You are too berserk!
You closely miss the eidolon.
The eidolon is moderately damaged.
You block the eidolon's attack.
The eidolon hits you but does no damage.
You sock the eidolon!
The eidolon is heavily damaged.
You block the eidolon's attack. The eidolon barely misses you.
You closely miss the eidolon.
The eidolon is heavily damaged.
Your skin stops crawling.
You feel less strong-willed. The eidolon hits you!!
You die...

#.. ... .#
# # #.
##.#.#.#
.. #...#.
## # #
###.#.#.#
#.. .
..##.#
#....#.##
#
##..###..#
.#.#
#...## #.
.#. ##@##
#.....#.W#
#W. ..#.#
. ..#.#..#
#. .#.##..
# .# #. .
## . .#.#
# .#


You could see an eidolon.

Vanquished Creatures
  Harold (D:8)
  Erica (D:8)
  A troll (D:8)
  Prince Ribbit (D:6)
  Sigmund (D:5)
  3 yaks (D:9)
  Edmund (D:4)
  Menkaure (D:5)
  2 water moccasins
  3 orc warriors
  A hornet zombie (D:9)
  3 sky beasts
  3 ogres
  A centaur (D:9)
  A phantom (D:9)
  A kobold brigand (D:9)
  2 bullfrogs
  A wyvern zombie (D:9)
  A wyvern skeleton (D:8)
  3 scorpions
  A water moccasin skeleton (D:4)
  5 howler monkeys
  14 wights
  2 centaur zombies (D:7)
  5 orc priests
  4 hounds
  A jelly (D:6)
  A bullfrog skeleton (D:4)
  An iguana (D:6)
  An orc wizard (D:8)
  5 worker ants
  A hound zombie (D:5)
  A worker ant zombie (D:7)
  2 howler monkey zombies
  8 gnolls
  10 adders
  A shadow imp (D:6)
  4 white imps
  2 ufetubi
  An ooze (D:3)
  An adder zombie (D:8)
  A dart slug (D:1)
  6 leopard geckos
  34 orcs
  4 ball pythons
  4 giant cockroaches
  9 goblins
  6 hobgoblins
  3 jackals
  7 quokkas
  10 bats
  A jackal skeleton (D:6)
  A jackal zombie (D:5)
  8 kobolds
  A quokka skeleton (D:5)
  A quokka zombie (D:7)
  11 rats
210 creatures vanquished.

Notes
Turn   | Place    | Note
-------+----------+-------------------------------------------
     0 | D:1      | toffzen the Draconian Berserker began the quest for the
                  | Orb.
     0 | D:1      | Reached XP level 1. HP: 19/19 MP: 1/1
     3 | D:1      | Noticed an electric eel
   244 | D:1      | Reached XP level 2. HP: 26/26 MP: 2/2
   737 | D:1      | Reached ** piety under Trog
   876 | D:2      | Reached XP level 3. HP: 31/33 MP: 3/3
  1100 | D:2      | Reached skill level 4 in Maces & Flails
  1516 | D:2      | Found a sparkling altar of Nemelex Xobeh.
  1672 | D:3      | Reached XP level 4. HP: 25/40 MP: 4/4
  2985 | D:4      | Found Duett's Assorted Antiques.
  3201 | D:4      | Reached XP level 5. HP: 34/46 MP: 5/5
  3507 | D:4      | Noticed an ogre
  3552 | D:4      | Reached skill level 5 in Maces & Flails
  3941 | D:4      | Found a basalt altar of Yredelemnul.
  4039 | D:4      | Reached XP level 6. HP: 44/53 MP: 6/6
  4929 | D:5      | Entered Level 5 of the Dungeon
  4960 | D:5      | Found a glowing silver altar of Zin.
  4978 | D:5      | Found a hide-covered altar of Uskayaw.
  4978 | D:5      | Found a shimmering altar of Xom.
  4981 | D:5      | Found an ancient bone altar of Kikubaaqudgha.
  5037 | D:5      | Noticed Sigmund
  5078 | D:4      | Reached skill level 5 in Fighting
  5231 | D:5      | Noticed Menkaure
  5248 | D:5      | Killed Menkaure
  5249 | D:5      | Reached skill level 6 in Maces & Flails
  5249 | D:5      | Your scales start taking on a lurid green colour.
  5249 | D:5      | Reached XP level 7. HP: 60/61 MP: 7/7
  5249 | D:5      | Gained mutation: Your system is resistant to poisons.
                  | (rPois) [Green Draconian growth]
  5497 | D:5      | Found a shadowy altar of Dithmenos.
  5507 | D:5      | Found an ornate altar of the Wu Jian Council.
  5579 | D:5      | Reached *** piety under Trog
  5594 | D:5      | Noticed Edmund
  5635 | D:4      | Killed Edmund
  5813 | D:5      | Killed Sigmund
  5814 | D:5      | Reached skill level 7 in Maces & Flails
  6472 | D:6      | Noticed Prince Ribbit
  6481 | D:6      | Killed Prince Ribbit
  6482 | D:6      | Reached skill level 5 in Dodging
  6482 | D:6      | Reached XP level 8. HP: 70/70 MP: 8/8
  6561 | D:6      | Found Kahoum's Weapon Emporium.
  7767 | D:6      | Reached skill level 8 in Maces & Flails
  8826 | D:7      | Found a staircase to the Ecumenical Temple.
  9183 | D:7      | Reached **** piety under Trog
  9196 | D:7      | Reached skill level 9 in Maces & Flails
  9196 | D:7      | Reached XP level 9. HP: 79/79 MP: 9/9
  9464 | D:8      | Noticed Erica
  9488 | D:8      | Killed Erica
 10001 | D:8      | Reached skill level 10 in Maces & Flails
 10396 | D:8      | Found an opulent altar of Gozag.
 10408 | D:8      | Noticed Harold
 10415 | D:8      | Found a glowing golden altar of the Shining One.
 10424 | D:8      | Killed Harold
 10425 | D:8      | Reached XP level 10. HP: 81/90 MP: 10/10
 10832 | D:8      | Found a sacrificial altar of Ru.
 11245 | D:9      | Upgraded the game from 0.27-a0-650-g8dd3ea4f36 to
                  | 0.27-a0-660-g90476cec82
 11400 | D:9      | Reached skill level 11 in Maces & Flails
 11439 | D:9      | Found a blossoming altar of Fedhas.
 12319 | D:9      | Found a blossoming altar of Fedhas.
 12360 | D:9      | Noticed Erolcha
 12371 | D:9      | Cast into level 1 of the Abyss (Erolcha)
 12380 | Abyss:1  | Found a corrupted altar of Lugonu.
 12404 | Abyss:1  | Noticed a thrashing horror
 12504 | Abyss:1  | Noticed an eidolon
 12525 | Abyss:1  | Mangled by an eidolon

Illustrated notes

Levels and vault maps discovered:
D:1:      arrival_aquarium_a, layout_basic
D:2:      layout_loops_ring, general_overflow_altar
D:3:      layout_basic, st_stairs_9
D:4:      layout_basic, lemuel_crystal_altar, portal_sewer_entry_b,
          serial_shops, shop
D:5:      layout_cave_pools, minitemple, amethyst_overflow_temple_binary,
          chequers_serial_rivers_small_b, uniq_sigmund, uniq_edmund,
          uniq_menkaure
D:6:      layout_basic, serial_shops, shop, uniq_prince_ribbit1
D:7:      layout_loops_ring, temple_green, minmay_puff
D:8:      layout_basic, nicolae_ru_the_path_less_chosen, kennysheep_little_box,
          special_room [special_room_orc], basic_altar, uniq_erica, uniq_harold
D:9:      layout_loops_ring, fedhas_altar_3, minmay_liquid_box,
          kennysheep_diamond, uniq_maggie, uniq_erolcha
Abyss:1:  base: D:7, evilmike_abyss_exit_9

Skill      XL: |  1  2  3  4  5  6  7  8  9 10 |
---------------+-------------------------------+-----
Dodging        | 3 4 5 6 7 |  7.8
Maces & Flails | 4 5 6 7 9 10 11 | 11.6
Fighting       | 4 5 6 7 8 9 |  9.4
Shields        | |  0.9

Action                   |  1- 3 |  4- 6 |  7- 9 | 10-12 || total
-------------------------+-------+-------+-------+-------++-------
Melee: Mace              |   130 |    78 |       |       ||   208
       Tailslap          |     9 |    10 |    41 |    24 ||    84
       Flail             |       |    37 |   235 |     2 ||   274
       Morningstar       |       |       |    37 |   118 ||   155
Throw: Dart              |       |     5 |     4 |       ||     9
Invok: Berserk           |       |     8 |     7 |     5 ||    20
       Trog's Hand       |       |       |     2 |     3 ||     5
 Abil: Breathe Noxious F |       |       |     7 |     2 ||     9
  Use: Scroll            |       |     5 |     3 |     1 ||     9
       Potion            |       |       |       |     1 ||     1
 Stab: Sleeping          |     1 |       |       |       ||     1
       Confused          |       |       |     5 |       ||     5
Armor: Skin              |    61 |    16 |    39 |    35 ||   151
Dodge: Dodged            |    98 |    77 |   148 |    62 ||   385
Block: Kite shield       |       |       |       |    27 ||    27

Table legend: (Time is in decaauts)
 A = Elapsed time spent in this place.
 B = Non-inter-level travel time spent in this place.
 C = Inter-level travel time spent in this place.
 D = Time resting spent in this place.
 E = Time spent auto-exploring this place.
 F = Levels seen in this place.
 G = Mean time per level.
                   A        B        C        D        E       F      G
               +--------+--------+--------+--------+--------+-----+--------+
         Total |  12745 |  12135 |    610 |   4153 |   4157 |  10 | 1274.5 |
       Dungeon |  12576 |  11966 |    610 |   4104 |   4157 |   9 | 1397.3 |
         Abyss |    168 |    168 |      0 |     48 |      0 |   1 |  168.0 |
               +--------+--------+--------+--------+--------+-----+--------+

Top non-repeatable levels by time:
     D:4: 2337 daAuts
     D:7: 1983 daAuts
     D:8: 1773 daAuts
     D:6: 1532 daAuts
     D:3: 1358 daAuts
     D:5: 1029 daAuts
     D:9: 878 daAuts
     D:1: 876 daAuts
     D:2: 807 daAuts
 Abyss:1: 168 daAuts
